 Dungeon Crawl Stone Soup version 0.31-a0-430-gf8416d752b (webtiles) character file.

Game seed: 13996815519576827774

103 Ethylacetat the Changeling (level 4, -2/23 HPs)
             Began as a Vine Stalker Shapeshifter on July 31, 2023.
             Slain by an orc wizard
             ... wielding a +0 dagger
              (3 damage)
             ... on level 3 of the Dungeon.
             The game lasted 00:02:23 (1152 turns).

Ethylacetat the Changeling (VSSh)                   Turns: 1152, Time: 00:02:24

Health: -2/23      AC:  2    Str: 17    XL:     4   Next: 79%
Magic:  0/5        EV: 12    Int:  8    God:
Gold:   101        SH:  0    Dex: 17    Spells: 3/3 levels left

rFire   . . .        j - +2 whip (drain)
rCold   . . .        (no shield)
rNeg    . . .        a - +0 animal skin
rPois   .            (helmet currently unavailable)
rElec   .            (cloak currently unavailable)
rCorr   .            (gloves currently unavailable)
SInv    .            (boots currently unavailable)
Will    .....        (no amulet)
Stlth   ++           (no ring)
HPRegen 1.03/turn    (no ring)
MPRegen 0.09/turn

%: guardian spirit
@: beast-form
A: beast (slay +2), fangs 2, regeneration 1, magic shield, antimagic bite, no
potion heal 2
a: Begin Untransformation


You were on level 3 of the Dungeon.
You were a hulking beast.
You visited 1 branch of the dungeon, and saw 3 of its levels.

You collected 101 gold pieces.

Inventory:

Hand Weapons
 j - a +2 whip of draining (weapon)
Armour
 a - a +0 animal skin (worn)
Jewellery
 g - a ring of ice
Talismans
 c - a beast talisman (active)
Scrolls
 d - a scroll of identify {unknown}
 k - a scroll of acquirement {unknown}
Potions
 b - a potion of lignification
 e - 2 potions of heal wounds {unknown}
 f - a potion of haste {unknown}
 h - 2 potions of mutation {unknown}
 i - a potion of cancellation {unknown}


   Skills:
 + Level 2.0 Fighting
 - Level 1.5 Dodging
 + Level 3.6 Unarmed Combat
 * Level 4.0 Shapeshifting


You had 3 spell levels left.
You didn't know any spells.
Your spell library contained the following spells:

 Spells                   Type           Power      Damage    Failure   Level
 Sublimation of Blood     Necr           0%         N/A       54%         2
 Wereblood                Tmut           0%         N/A       54%         2
 Inner Flame              Hex/Fire       0%         N/A       78%         3
 Flame Wave               Conj/Fire      0%         2d4       99%         4
 Sticky Flame             Conj/Fire      0%         2d3       99%         4
 Summon Hydra             Summ           0%         N/A       100%        7


Dungeon Overview and Level Annotations

Branches:
Dungeon (3/15)

Altars:

Shops:
D:2 (


Innate Abilities, Weirdness & Mutations

You are a hulking beast.
Your limbs bulge with bestial killing power. (Slay +2)
You have extremely sharp teeth.
Your natural rate of healing is unusually fast.
When hurt, damage is shared between your health and your magic reserves.
Your bite disrupts and absorbs the magic of your enemies.
Potions cannot restore your health.


Message History

You see here a jackal corpse.
The orc attacks as you move away! The orc hits you with a +0 short sword.
The orc hits you with a +0 club.
The orc shouts!
You hit the orc.
The orc is almost dead.
The orc hits you with a +0 club. The orc barely misses you.
The orc hits you but does no damage.
You barely miss the orc. You bite the orc.
You kill the orc!
The orc wizard hits you but does no damage.
An orc comes into view. It is wielding a +0 trident.
You miss something.
The orc shouts!
Something hits you.
An orc comes into view. It is wielding a +0 morningstar.
The orc wizard hits you with a +0 dagger.
You miss something.
The orc shouts!
You bite something. You drain its magic.
You feel invigorated.
You hear a shout!
An orc comes into view. It is wielding a +0 club.
Something hits you. The orc wizard casts a spell at you.
The magic dart hits you!
* * * LOW HITPOINT WARNING * * *
You closely miss something. Something hits you.
* * * LOW HITPOINT WARNING * * *
The orc wizard hits you with a +0 dagger.
* * * LOW HITPOINT WARNING * * *
Unknown command.
You hit something. Your bite misses something.
The orc wizard casts a spell.
The orc wizard flickers and vanishes!
You miss something. Something hits you.
* * * LOW HITPOINT WARNING * * *
You hit something. Your bite misses something. Something hits you.
* * * LOW HITPOINT WARNING * * *
Something hits you.
You die...

.#..##.........
.#.......................
†#..##.##...#............
##... # ##<.............
#....# .............
#....##### ##....o.o....
...#..... ....o.oo..
.#.#.....#####.##{J#
......##.)......h{#####
#...............$......#
..#..####....###.......#
........#....# #.......#
...........### ##......#
........#### .......#
######### #......#
#......# .....


You could see 4 orcs and an endoplasm.

Vanquished Creatures
  An orc wizard (D:3)
  An adder (D:2)
  A worm (D:2)
  A dart slug (D:2)
  9 orcs (D:3)
  6 bats
  6 goblins
  2 hobgoblins
  2 jackals (D:3)
  6 kobolds
  3 quokkas
  5 ball pythons
  5 frilled lizards
  4 rats
52 creatures vanquished.

Notes
Turn   | Place    | Note
-------+----------+-------------------------------------------
     0 | D:1      | Ethylacetat the Vine Stalker Shapeshifter began the quest
                  | for the Orb.
     0 | D:1      | Reached XP level 1. HP: 9/9 MP: 2/2
    37 | D:1      | Reached skill level 1 in Fighting
   152 | D:1      | Reached XP level 2. HP: 14/14 MP: 3/3
   220 | D:1      | You fall into a shaft and drop 1 floor!
   314 | D:2      | Reached XP level 3. HP: 6/18 MP: 4/4
   814 | D:2      | Found Pocugh's Weapon Shop.
   938 | D:3      | Gained mutation: Your natural rate of healing is unusually
                  | fast. [Vine Stalker growth]
   938 | D:3      | Reached XP level 4. HP: 11/23 MP: 3/5
  1143 | D:3      | Reached skill level 4 in Shapeshifting
  1152 | D:3      | HP: 1/23 [something (3)]
  1152 | D:3      | Slain by an orc wizard

Illustrated notes

Levels and vault maps discovered:
D:1:      amcnicky_arrival_single_pillar, layout_loops_ring,
          minmay_misc_feat_encased, minmay_heptomino_w4
D:2:      layout_loops_cross, serial_shops, nicolae_shop_window_shopping
D:3:      layout_rooms, fedhas_altar_4, corner_web_ring

Skill      XL: |  1  2  3  4 |
---------------+-------------+-----
Fighting       | 1 2 |  2.0
Shapeshifting  | 4 |  4.0
Dodging        | |  1.5
Unarmed Combat | |  3.6

Action                     |  1- 3 |  4- 6 || total
---------------------------+-------+-------++-------
  Melee: Unarmed           |    72 |    29 ||   101
         Bite              |    12 |     9 ||    21
         Whip              |       |    12 ||    12
         Punch             |       |     1 ||     1
   Stab: Sleeping          |     2 |       ||     2
 Armour: Animal skin       |    10 |     7 ||    17
  Dodge: Dodged            |    40 |    17 ||    57

Table legend: (Time is in decaauts)
 A = Elapsed time spent in this place.
 B = Non-inter-level travel time spent in this place.
 C = Inter-level travel time spent in this place.
 D = Time resting spent in this place.
 E = Time spent auto-exploring this place.
 F = Levels seen in this place.
 G = Mean time per level.
                   A        B        C        D        E       F      G
               +--------+--------+--------+--------+--------+-----+--------+
         Total |   1145 |   1115 |     30 |      0 |    847 |   3 |  381.7 |
       Dungeon |   1145 |   1115 |     30 |      0 |    847 |   3 |  381.7 |
               +--------+--------+--------+--------+--------+-----+--------+

Top non-repeatable levels by time:
     D:2: 696 daAuts
     D:3: 230 daAuts
     D:1: 218 daAuts
